Map: Frozen Temple

Players

iFronzeN - Winner!

  • Race: Terran Terran
  • League: Diamond

Trizztein

  • Race: Terran Terran
  • League: Diamond

VOD

Have the link to the VOD?

Description

tvt on frozen temple bad engagement lost the game

Time

  • Played on: Aug. 26, 2016, 6:16 p.m.
  • Length: 12:02
Show
View Real Time Build Order
Export as new Build Order

iFronzeN Terran - Winner!

Build Orders: Reaper Expand, MMM Bio 

Get SALT Encoding   

  12  0:00  SCV  
  13  0:12  SCV  
  14  0:18  Supply Depot  
  14  0:25  SCV  
  15  0:39  SCV  
  15  0:41  Barracks  
  16  0:46  Refinery  
  16  0:51  SCV  
  17  1:03  SCV  
  18  1:15  SCV  
  19  1:29  Orbital Command  
  19  1:31  Reaper, Supply Depot  
  20  1:58  Command Center  
  20  2:03  SCV  
  20  2:05  Barracks Reactor  
  21  2:16  SCV  
  22  2:28  Barracks, SCV  
  23  2:49  Reaper x2, SCV  
  26  2:54  Supply Depot  
  26  3:02  SCV  
  27  3:07  Barracks  
  27  3:10  Refinery  
  27  3:14  Orbital Command, SCV  
  27  3:19  Barracks Tech Lab  
  28  3:21  Reaper  
  28  3:26  SCV  
  30  3:28  Reaper  
  31  3:38  SCV  
  31  3:50  SCV  
  32  4:14  Barracks Reactor  
  31  4:17  Command Center  
  31  4:19  Marine x2, Bunker  
  31  4:21  Stimpack, Marine  
  31  4:22  SCV x2  
  36  4:27  Supply Depot  
  36  4:34  SCV  
  36  4:37  Marine x2  
  39  4:41  Barracks  
  39  4:44  Barracks  
  39  4:45  SCV  
  40  4:46  SCV  
  40  4:52  Marine x3  
  44  4:53  Barracks  
  44  4:54  Marine  
  44  4:55  Marine  
  46  5:02  Engineering Bay  
  46  5:03  SCV  
  46  5:04  SCV  
  48  5:07  Engineering Bay  
  48  5:10  Marine x2, Supply Depot  
  50  5:37  Marine x3  
  50  5:38  Barracks Reactor  
  50  5:40  Barracks Reactor  
  50  5:42  Factory  
  53  5:44  Orbital Command  
  53  5:53  Missile Turret  
  53  5:55  Missile Turret  
  53  5:57  Marine x3  
  53  5:58  Marine, Barracks Reactor  
  53  6:03  SCV x2  
  59  6:06  Barracks  
  59  6:10  SCV  
  60  6:15  SCV x2  
  59  6:21  Combat Shields  
  59  6:27  SCV  
  60  6:34  Marine x5  
  60  6:37  SCV x2  
  60  6:39  SCV  
  68  6:47  Factory Reactor  
  68  6:49  Marine, SCV  
  68  6:50  Marine x4, Starport  
  68  6:51  SCV x2  
  76  6:58  Terran Infantry Weapons Level 1  
  76  7:00  Terran Infantry Armor Level 1  
  76  7:01  SCV  
  76  7:03  Marine x3, SCV  
  76  7:04  SCV  
  81  7:11  Supply Depot  
  81  7:14  Supply Depot, SCV  
  83  7:15  SCV  
  83  7:18  SCV  
  83  7:19  Barracks Reactor  
  83  7:21  Barracks  
  84  7:26  SCV  
  84  7:27  Supply Depot  
  85  7:31  Barracks  
  85  7:33  Factory Reactor  
  85  7:36  Marine  
  86  7:37  Marine x10  
  86  7:40  SCV x3  
  99  7:49  Refinery  
  99  7:50  Refinery  
  99  7:52  SCV  
  99  7:56  Marine x3  
  99  7:57  Supply Depot, Medivac x2  
  107  7:59  Supply Depot  
  107  8:08  Armory  
  107  8:09  SCV  
  107  8:10  SCV  
  109  8:12  Missile Turret  
  109  8:15  Barracks Reactor  
  109  8:18  Starport  
  109  8:21  SCV  
  109  8:23  Marine x3  
  111  8:35  Marine  
  111  8:36  Marine x9  
  111  8:41  Marine x3, Barracks Reactor  
  123  8:47  SCV  
  125  8:53  Supply Depot  
  125  8:57  Terran Infantry Weapons Level 2, Terran Infantry Armor Level 2  
  125  9:02  Supply Depot  
  125  9:14  Marine x7, SCV  
  89  9:29  Marine x3  
  89  9:30  Marine x7  
  88  9:32  Marine, SCV x2  
  88  9:36  Barracks x2  
  88  9:38  Marine x6  
  97  9:47  Marine x9  
  97  9:48  Marine  
  97  9:50  Marine  
  108  9:53  Medivac x2  
  108  9:56  Marine x5  
  117  10:04  Marine  
  117  10:05  Marine x4  
  122  10:14  Command Center  
  122  10:15  Marine x2  
  122  10:16  Marine x7  
  122  10:17  Marine x3  
  122  10:20  Medivac  
  122  10:21  Medivac  
  138  10:22  Marine  
  138  10:23  Medivac  
  138  10:25  Barracks Reactor x2  
  141  10:39  Sensor Tower  
  141  10:46  Sensor Tower, Supply Depot  
  141  10:47  Supply Depot  
  141  11:08  Marine x14  
  141  11:09  Marine x2  
  157  11:11  Sensor Tower  
  157  11:17  Supply Depot  
  157  11:25  Marine x11, Medivac  
  157  11:26  Marine x2  
  157  11:27  Orbital Command  
  172  11:39  Marine x8  
  180  11:44  Marine x2  
Show
View Real Time Build Order
Export as new Build Order

Trizztein Terran 

Build Orders: Reaper Expand, Bio Tank 

Get SALT Encoding   

  12  0:01  SCV  
  13  0:13  SCV  
  14  0:19  Supply Depot  
  14  0:25  SCV  
  15  0:40  SCV  
  15  0:41  Barracks  
  16  0:45  Refinery  
  16  0:52  SCV  
  17  1:05  SCV  
  18  1:21  SCV  
  19  1:34  Orbital Command  
  19  1:35  Reaper  
  20  1:49  Command Center  
  20  2:07  SCV  
  21  2:10  Reaper, Supply Depot  
  22  2:19  SCV  
  23  2:32  SCV  
  24  2:42  Command Center  
  24  2:44  SCV  
  25  2:45  Barracks Reactor  
  25  2:54  Factory  
  25  3:00  SCV  
  25  3:03  Refinery  
  26  3:12  SCV  
  27  3:14  Orbital Command  
  27  3:21  Marine  
  27  3:22  Marine  
  27  3:24  SCV  
  30  3:36  SCV  
  31  3:42  SCV  
  31  3:43  Marine x2  
  31  3:46  Hellion  
  34  3:49  SCV  
  34  3:50  Starport  
  34  3:56  Orbital Command  
  30  4:13  SCV x2  
  30  4:15  Factory Tech Lab  
  30  4:16  Marine x2  
  34  4:22  Barracks  
  34  4:25  SCV  
  34  4:26  Barracks  
  34  4:28  SCV  
  36  4:32  Bunker  
  36  4:35  Marine  
  36  4:37  SCV  
  38  4:41  SCV x2  
  40  4:48  Medivac  
  40  4:50  Marine, SCV  
  44  4:53  Marine  
  44  4:55  SCV x2  
  47  5:02  Siege Tank, SCV  
  51  5:07  SCV x2  
  51  5:11  Supply Depot  
  51  5:14  Barracks Tech Lab x2, SCV  
  54  5:17  Marine x2  
  54  5:19  SCV  
  54  5:20  SCV  
  58  5:25  Refinery  
  58  5:26  Refinery, SCV  
  57  5:31  SCV  
  57  5:32  SCV  
  57  5:35  Marine  
  58  5:42  Marine x2  
  61  5:44  Combat Shields  
  61  5:45  Stimpack  
  61  5:48  SCV x2  
  61  5:49  SCV  
  62  6:00  SCV  
  62  6:01  SCV  
  62  6:02  Siege Tank, Marine x2, Supply Depot  
  62  6:03  Supply Depot  
  69  6:07  Barracks  
  69  6:09  Barracks  
  69  6:17  Marine  
  69  6:19  Marine  
  69  6:21  Marine  
  69  6:22  Orbital Command  
  69  6:24  Marine  
  70  6:28  SCV x2  
  68  6:34  Siege Tank  
  68  6:35  Marine  
  68  6:36  Marine  
  68  6:38  Medivac  
  68  6:39  Marine, Supply Depot  
  75  6:40  SCV  
  75  6:41  Supply Depot  
  75  6:42  Marine  
  75  6:46  SCV  
  78  6:49  SCV  
  78  6:52  SCV  
  78  6:53  Marine  
  81  6:54  Marine  
  81  6:57  Marine  
  81  6:58  SCV  
  81  6:59  Marine  
  81  7:01  SCV  
  86  7:02  Barracks Reactor x2  
  86  7:05  Armory  
  86  7:07  Engineering Bay  
  86  7:09  SCV, Engineering Bay  
  86  7:10  SCV  
  88  7:17  SCV  
  89  7:23  SCV  
  89  7:25  Supply Depot  
  89  7:26  SCV  
  89  7:29  Supply Depot x2, SCV  
  92  7:34  Refinery  
  92  7:35  Refinery, SCV  
  93  7:37  Marine x2  
  93  7:38  SCV  
  93  7:39  Marine x2, Concussive Shells  
  93  7:40  Marine x2  
  93  7:41  SCV  
  101  7:45  Terran Infantry Armor Level 1, Terran Infantry Weapons Level 1  
  101  7:46  Starport Reactor  
  101  7:47  SCV  
  101  7:48  Supply Depot  
  103  7:51  SCV  
  103  7:53  Factory, SCV  
  103  7:57  Factory  
  104  8:00  Marine x8  
  104  8:03  Siege Tank  
  115  8:10  Supply Depot x2  
  115  8:11  Supply Depot  
  115  8:18  Marine x5  
  120  8:25  Marine x3  
  121  8:35  Siege Tank, Marine  
  121  8:37  SCV  
  121  8:40  Factory Tech Lab  
  126  8:42  Factory Tech Lab  
  126  8:50  Marine x6  
  126  8:51  Starport  
  126  8:54  Supply Depot  
  132  8:56  Supply Depot  
  132  8:57  Supply Depot  
  132  8:59  Marine, Barracks  
  132  9:00  Barracks  
  132  9:01  Barracks Reactor  
  132  9:02  Command Center  
  133  9:07  Siege Tank, Marine x2  
  133  9:08  Marine x4  
  142  9:13  Siege Tank  
  142  9:14  Siege Tank  
  146  9:17  Marine  
  128  9:25  Marine x3  
  128  9:26  Marine  
  128  9:30  Marine x2  
  134  9:33  Medivac x2  
  134  9:35  Marine, Viking  
  141  9:42  Marine x2  
  141  9:43  Marine x2  
  145  9:46  Terran Infantry Weapons Level 2, Terran Infantry Armor Level 2  
  145  9:53  Supply Depot  
  145  9:54  Marine x2, Supply Depot  
  145  9:55  Barracks Reactor x2, Supply Depot  
  145  9:57  Marine x3  
  150  10:00  Marine  
  150  10:03  Medivac  
  153  10:11  Medivac x2  
  157  10:18  Marine x5  
  157  10:19  Marine x4  
  166  10:21  Siege Tank  
  169  10:33  Medivac  
  171  10:36  Marine x8  
  179  10:44  Marine x5  
  179  10:47  Medivac x2  
  188  10:50  Refinery x2  
  188  10:54  Marine x3  
  188  10:55  Marine x5  
  196  11:02  Marine  
  197  11:09  Marine x3  
Tags
 
Add a new tag
Caveats
  • Supply blocks, unpowered buildings, or Contaminate may cause inaccurate times.
  • Supply counts are checked every 10 seconds.